 Dungeon Crawl Stone Soup version 0.30.1-1-g62c8e00024 (webtiles) character file.

Game seed: 7629133747364563826

31 booth the Chopper (level 3, 0/31 HPs)
             Began as a Gnoll Reaver on July 15, 2023.
             Slain by a gnoll
             ... wielding a +0 spear
              (7 damage)
             ... on level 2 of the Dungeon.
             The game lasted 00:05:46 (1064 turns).

booth the Chopper (Gnoll Reaver)                    Turns: 1064, Time: 00:05:46

Health: 0/31       AC:  3    Str: 13    XL:     3   Next: 22%
Magic:  9/9        EV: 12    Int: 12    God:
Gold:   65         SH:  0    Dex: 10    Spells: 11/12 levels left

rFire   . . .        a - +0 hand axe
rCold   . . .        (no shield)
rNeg    . . .        b - +0 leather armour
rPois   .            h - +0 hat
rElec   .            (no cloak)
rCorr   .            (no gloves)
SInv    .            (no boots)
Will    .....        (no amulet)
Stlth   +            (no ring)
HPRegen 0.25/turn    (no ring)
MPRegen 0.11/turn

%: no passive effects
@: no status effects
A: fangs 1, strong nose, distributed training
a: no special abilities


You were on level 2 of the Dungeon.
You visited 1 branch of the dungeon, and saw 2 of its levels.

You collected 65 gold pieces.

Inventory:

Hand Weapons
 a - a +0 hand axe (weapon)
 g - a +0 mace
Armour
 b - a +0 leather armour (worn)
 h - a +0 hat (worn)
Scrolls
 e - a scroll of teleportation
 f - a scroll of identify
 l - a scroll of vulnerability {unknown}
 m - a scroll of enchant armour {unknown}
Potions
 c - a potion of ambrosia
 d - 2 potions of magic {unknown}
 i - a potion of lignification {unknown}
 k - 2 potions of attraction {unknown}


   Skills:
 + Level 4.5 Fighting
 + Level 0.7 Short Blades
 + Level 0.7 Long Blades
 + Level 6.5 Axes
 + Level 0.7 Maces & Flails
 + Level 0.7 Polearms
 + Level 0.7 Staves
 + Level 0.7 Ranged Weapons
 + Level 0.7 Throwing
 + Level 0.7 Armour
 + Level 4.5 Dodging
 + Level 0.7 Stealth
 + Level 0.7 Shields
 + Level 0.7 Unarmed Combat
 + Level 5.0 Spellcasting
 + Level 5.4 Conjurations
 + Level 0.5 Hexes
 + Level 0.5 Summonings
 + Level 0.5 Necromancy
 + Level 0.5 Translocations
 + Level 0.5 Transmutations
 + Level 0.5 Fire Magic
 + Level 0.5 Ice Magic
 + Level 0.5 Air Magic
 + Level 0.5 Earth Magic
 + Level 0.5 Poison Magic
 + Level 0.9 Invocations
 + Level 0.7 Evocations


You had 11 spell levels left.
You knew the following spells:

 Your Spells              Type           Power      Damage    Failure   Level
a - Kiss of Death         Conj/Necr      40%        2d8       8%          1

Your spell library contained the following spells:

 Spells                   Type           Power      Damage    Failure   Level
 Momentum Strike          Conj/Tloc      20%        3d8       12%         2
 Hailstorm                Conj/Ice       10%        3d5       22%         3
 Cigotuvi's Dreadful Rot  Necr/Pois/Air  8%         N/A       30%         2
 Ignite Poison            Fire/Tmut/Pois 4%         N/A       52%         3
 Freezing Cloud           Conj/Ice/Air   4%         6-21      96%         5


Dungeon Overview and Level Annotations

Branches:
Dungeon (2/15)

Altars:


Innate Abilities, Weirdness & Mutations

You have very sharp teeth.
Your uncanny sense of smell can sniff out nearby items.
Your experience applies equally to all skills.


Message History

A gnoll comes into view.
It is wielding a +0 spear and wearing the +1 ring mail of Olim Coz {+Blink rElec Int+5}.
The gnoll shouts!
You hear a shout!
The gnoll hits you but does no damage.
A gnoll comes into view. It is wielding a +0 halberd.
The gnoll shouts!
You hear a shout!
The gnoll barely misses you.
You hit the gnoll but do no damage. The gnoll completely misses you.
You hit the gnoll but do no damage. The gnoll closely misses you.
The gnoll hits you with a +0 spear.
The gnoll hits you from afar with a +0 spear.
The gnoll throws a stone.
The stone hits you but does no damage.
The gnoll throws a stone.
The stone barely misses you.
The gnoll throws a stone.
The stone hits you.
Throw: 3 darts (poison)
Press: ? - help, Q - select action, (/) - cycle Shift-Dir - straight line, f - gnoll
Aim: a gnoll, wielding a +0 spear, wearing the +1 ring mail of Olim Coz {+Blink rElec Int+5} and quivering stones (65% to hit)
You throw a poisoned dart.
The poisoned dart completely misses the gnoll.
Throw: 2 darts (poison)
Press: ? - help, Q - select action, (/) - cycle Shift-Dir - straight line, f/p - gnoll
Aim: a gnoll, wielding a +0 spear, wearing the +1 ring mail of Olim Coz {+Blink rElec Int+5} and quivering stones (65% to hit)
You throw a poisoned dart. The poisoned dart hits the gnoll.
The gnoll is poisoned.
Throw: dart (poison)
Press: ? - help, Q - select action, (/) - cycle Shift-Dir - straight line, f/p - gnoll
Aim: a gnoll, wielding a +0 spear, wearing the +1 ring mail of Olim Coz {+Blink rElec Int+5} and quivering stones (poisoned, 65% to hit)
You throw a poisoned dart. The poisoned dart hits the gnoll.
The gnoll looks even sicker.
The gnoll hits you from afar with a +0 spear.
The gnoll hits you from afar with a +0 halberd!
* * * LOW HITPOINT WARNING * * *
The gnoll barely misses you.
You hit the gnoll but do no damage.
The gnoll is lightly wounded.
The gnoll closely misses you. x2
You hit the gnoll.
The gnoll is severely wounded.
The gnoll barely misses you. x2
The gnoll attacks as you move away! The gnoll hits you with a +0 spear!
You die...

#...............##...##...#.###
##.....########....g....#.....
##...## ####...##.....# ##.##
####g####.#.## ### ###
#(...........#....
#.##.......#...# #g########...#
#g# ##.## #@# #... #.# #..##
#.# ...# #.# .... #.. ∆.####
### ##


You could see 2 gnolls.

Vanquished Creatures
  An adder (D:2)
  2 bats (D:1)
  2 endoplasms
  3 giant cockroaches (D:1)
  A goblin (D:2)
  A hobgoblin (D:1)
  4 quokkas (D:1)
  A frilled lizard (D:1)
  2 kobolds
  3 rats
20 creatures vanquished.

Notes
Turn   | Place    | Note
-------+----------+-------------------------------------------
     0 | D:1      | booth the Gnoll Reaver began the quest for the Orb.
     0 | D:1      | Reached XP level 1. HP: 20/20 MP: 6/6
   245 | D:1      | Reached XP level 2. HP: 23/26 MP: 7/7
   865 | D:2      | Reached skill level 5 in Spellcasting
   865 | D:2      | Reached XP level 3. HP: 10/31 MP: 7/9
  1045 | D:2      | Identified the +1 ring mail of Olim Coz {+Blink rElec
                  | Int+5}
  1064 | D:2      | Slain by a gnoll

Illustrated notes

Levels and vault maps discovered:
D:1:      minmay_arrival_checkered_box, layout_loops_ring, minivault_25,
          eino_curves_04, amcnicky_mini_rare_corridor_liquid,
          serial_bayou_pond_b
D:2:      layout_loops_ring, serial_shops, shop, uniq_jessica

Skill      XL: |  1  2 |
---------------+-------+-----
Spellcasting   | 5 |  5.0
Fighting       | |  4.5
Short Blades   | |  0.7
Long Blades    | |  0.7
Axes           | |  6.5
Maces & Flails | |  0.7
Polearms       | |  0.7
Staves         | |  0.7
Ranged Weapons | |  0.7
Throwing       | |  0.7
Armour         | |  0.7
Dodging        | |  4.5
Stealth        | |  0.7
Shields        | |  0.7
Unarmed Combat | |  0.7
Conjurations   | |  5.4
Hexes          | |  0.5
Summonings     | |  0.5
Necromancy     | |  0.5
Translocations | |  0.5
Transmutations | |  0.5
Fire Magic     | |  0.5
Ice Magic      | |  0.5
Air Magic      | |  0.5
Earth Magic    | |  0.5
Poison Magic   | |  0.5
Invocations    | |  0.9
Evocations     | |  0.7

Action                     || total
---------------------------++-------
  Melee: Hand axe          ||    73
         Bite              ||     4
  Throw: Dart              ||     3
    Use: Scroll            ||     2
 Armour: Leather armour    ||    14
  Dodge: Dodged            ||    52
